 Dungeon Crawl Stone Soup version 0.31.0-32-g396128a36d (webtiles) character file.

Game seed: 17711569938995177102

795 KittyFluff the Trooper (level 7, -2/114 HPs)
             Began as an Oni Berserker on Mar 18, 2024.
             Was a Priest of Trog.
             Slain by an adder (4 damage)
             ... on level 5 of the Dungeon.
             The game lasted 00:17:58 (4410 turns).

KittyFluff the Trooper (Oni Berserker)              Turns: 4410, Time: 00:17:59

Health: -2/114     AC: -7    Str: 24    XL:     7   Next: 89%
Magic:  0/7        EV: 10    Int:  8    God:    Trog [***...]
Gold:   174        SH:  0    Dex:  8    Spells: 6/6 levels left

rFire   . . .        a - +0 mace
rCold   . . .        (no shield)
rNeg    . . .        v - +2 robe {Will+}
rPois   +            (helmet restricted)
rElec   .            (no cloak)
rCorr   .            (gloves unavailable)
SInv    .            (boots unavailable)
Will    +....        m - amulet of guardian spirit Stlth
                     e - ring of poison resistance
HPRegen 0.39/turn    (no ring)
MPRegen 0.10/turn

%: guardian spirit
@: berserking, corroded, very quick
A: large, unfitting armour, horns 1, tough skin 1, double potion healing,
drunken brawling
a: Renounce Religion, Berserk, Trog's Hand


You were on level 5 of the Dungeon.
You worshipped Trog.
Trog was most pleased with you.
You visited 1 branch of the dungeon, and saw 5 of its levels.

You collected 304 gold pieces.
You spent 130 gold pieces at shops.

Inventory:

Hand Weapons
 a - a +0 mace (weapon)
 n - the +5 dagger "Transmigrator" {freeze, rElec rC+ Str+3 Int+2}
   (You found it on level 2 of the Dungeon)

   Str+3:     It affects your strength (+3).
   Int+2:     It affects your intelligence (+2).
   rC+:       It protects you from cold.
   rElec:     It insulates you from electricity.
Missiles
 b - a large rock
 c - 6 stones (quivered)
 q - 5 boomerangs
 u - a throwing net
 w - 4 poisoned darts
Armour
 v - a +2 robe of willpower (worn)
Jewellery
 e - a ring of poison resistance (left hand)
 m - an amulet of guardian spirit (around neck)
Wands
 h - a wand of flame (8)
 s - a wand of paralysis (11)
Scrolls
 d - 2 scrolls of enchant armour {unknown}
 g - a scroll of fear {unknown}
 j - 5 scrolls of identify {unknown}
 k - 2 scrolls of teleportation {unknown}
 l - a scroll of fog {unknown}
 o - a scroll of noise {unknown}
 r - a scroll of brand weapon {unknown}
Potions
 f - a potion of might {unknown}
 i - 2 potions of curing {unknown}
 p - 2 potions of heal wounds {unknown}
 t - a potion of ambrosia {unknown}
 x - a potion of attraction {unknown}


   Skills:
 + Level 6.3 Fighting
 + Level 6.0 Maces & Flails
 * Level 3.5 Throwing
 + Level 4.2 Dodging
 + Level 1.0 Stealth


You had 6 spell levels left.
You didn't know any spells.
Your spell library was empty.

Dungeon Overview and Level Annotations

Branches:
Dungeon (5/15)
 Temple: D:4-7

Altars:
Cheibriados
Kikubaaqudgha

Shops:
D:1 (


Innate Abilities, Weirdness & Mutations

You are too large for most types of armour.
You have a pair of small horns on your head.
You have tough skin. (AC +1)
You gain doubled healing and magic from potions.
Whenever you drink a healing potion, you attack all around you.


Message History

The jelly is severely wounded.
An adder comes into view.
The jelly hits you. The acid corrodes you!
You are splashed with acid!
The adder hisses angrily.
You hit the jelly.
Your hands burn!
Your headbutt misses the jelly.
The jelly is severely wounded.
The jelly hits you.
You are splashed with acid!
You hit the jelly.
Your hands burn!
The jelly is severely wounded.
The jelly barely misses you.
You hit the jelly. The acid corrodes you!
Your hands burn!
The jelly is almost dead.
The adder bites you. The jelly closely misses you. The adder barely misses you.
You hit the jelly but do no damage.
Your hands burn!
* * * LOW HITPOINT WARNING * * *
You headbutt the jelly, but do no damage.
The jelly is almost dead.
The adder bites you.
* * * LOW HITPOINT WARNING * * *
The jelly hits you.
* * * LOW HITPOINT WARNING * * *
The acid corrodes you!
You are splashed with acid!
* * * LOW HITPOINT WARNING * * *
A red film seems to cover your vision as you go berserk!
You feel yourself moving faster!
You feel mighty! The adder bites you.
* * * LOW HITPOINT WARNING * * *
The jelly barely misses you.
You sock the jelly!
You kill the jelly!
Trog accepts your kill. The adder barely misses you.
Your Maces & Flails skill increases to level 6!
You closely miss the adder. You headbutt the adder.
The adder is moderately wounded.
The adder bites you.
* * * LOW HITPOINT WARNING * * *
You closely miss the adder.
The adder is moderately wounded.
The adder bites you.
You die...

.........#
.........#.... .... ..
.........#... #..#...
..###+####... #..#..
..#.....#... .....
..'.....##.. #..#
..#.....##.#####..######
..#......#.......S.....#
..#......#......@.....#
..#..##.##.##.###.##..#
..#####.##.##†###.#
..#........#....#..
..#..#.....#....#...
..#..#.....#...##....
..#..##.##.##..# #####
..#..##.##<######
..#.............#


You could see an adder.

Vanquished Creatures
  An ice beast (D:5)
  A centaur (D:4)
  Blork the orc (D:4)
  A bullfrog (D:3)
  2 jellies (D:5)
  A howler monkey (D:5)
  A bombardier beetle (D:4)
  2 iguanas (D:5)
  4 orc priests
  An orc wizard (D:4)
  A gnoll (D:5)
  4 adders
  A white imp (D:5)
  A dart slug (D:3)
  11 orcs
  4 ball pythons
  3 bats
  4 endoplasms
  4 giant cockroaches
  5 hobgoblins
  3 jackals (D:2)
  5 kobolds
  2 quokkas
  7 frilled lizards
  2 goblins
  3 rats
75 creatures vanquished.

Notes
Turn   | Place    | Note
-------+----------+-------------------------------------------
     0 | D:1      | KittyFluff the Oni Berserker began the quest for the Orb.
     0 | D:1      | Reached XP level 1. HP: 24/24 MP: 1/1
   224 | D:1      | Found Qieleu's Weapon Shoppe.
   246 | D:1      | You fall into a shaft and drop 1 floor!
   351 | D:1      | Reached XP level 2. HP: 31/32 MP: 2/2
   981 | D:2      | Reached XP level 3. HP: 39/40 MP: 3/3
  1366 | D:2      | Identified the +5 dagger "Transmigrator" {freeze, rElec rC+
                  | Str+3 Int+2}
  1716 | D:3      | Reached skill level 1 in Throwing
  1872 | D:1      | Bought 5 boomerangs for 130 gold pieces
  2008 | D:3      | Reached ** piety under Trog
  2020 | D:3      | Reached XP level 4. HP: 49/49 MP: 4/4
  2254 | D:3      | Reached XP level 5. HP: 33/55 MP: 3/5
  2614 | D:4      | Noticed a centaur
  2683 | D:4      | Found a snail-covered altar of Cheibriados.
  2724 | D:4      | Killed a centaur
  2725 | D:4      | Reached skill level 5 in Fighting
  2859 | D:4      | Found an ancient bone altar of Kikubaaqudgha.
  2922 | D:4      | Reached XP level 6. HP: 66/66 MP: 6/6
  3079 | D:3      | Reached skill level 5 in Maces & Flails
  3431 | D:4      | Noticed Blork the orc
  3450 | D:4      | Killed Blork the orc
  3451 | D:4      | Reached XP level 7. HP: 25/74 MP: 3/7
  3832 | D:5      | Entered Level 5 of the Dungeon
  4048 | D:5      | Reached *** piety under Trog
  4076 | D:5      | Reached skill level 1 in Stealth
  4407 | D:5      | HP: 3/112 [adder (4)]
  4410 | D:5      | Slain by an adder

Illustrated notes

Levels and vault maps discovered:
D:1:      dpeg_arrival_lava_temple_mockup, layout_basic, serial_shops, shop,
          chequers_serial_rivers_room_b, minmay_misc_feat_tower
D:2:      layout_loops_ring
D:3:      layout_basic, serial_curves, eino_curves_04, eino_curves_04,
          hangedman_decor_lopped
D:4:      layout_cave_pools, nicolae_kikubaaqudgha_miasma_corner,
          overflow_temple_1_default, minmay_misc_feat_encased,
          nicolae_zen_rock_garden, kennysheep_small_circle, uniq_blork_the_orc
D:5:      layout_gridville, kennysheep_generic_room_12

Skill      XL: |  1  2  3  4  5  6  7 |
---------------+----------------------+-----
Dodging        | 3 4 |  4.2
Throwing       | 1 2 3 |  3.5
Maces & Flails | 4 5 6 |  6.0
Fighting       | 5 6 |  6.3
Stealth        | 1 |  1.0

Action                     |  1- 3 |  4- 6 |  7- 9 || total
---------------------------+-------+-------+-------++-------
  Melee: Mace              |    88 |   121 |    68 ||   277
         Headbutt          |    15 |    16 |    10 ||    41
         Punch             |       |       |     1 ||     1
  Throw: Stone             |     9 |    14 |     1 ||    24
 Invoke: Berserk           |       |     1 |     1 ||     2
 Armour: Animal skin       |    47 |   102 |       ||   149
         Robe              |       |       |    52 ||    52
  Dodge: Dodged            |    48 |    82 |    38 ||   168
